 Dungeon Crawl Stone Soup version bcrawl-1.27.7 (webtiles) character file.

Game seed: 5124495772232340550

310567 MisterOstroum the Cleaver (level 11, 0/87 HPs)
             Began as a Human Fighter on Oct 17, 2020.
             Was an Elder of Okawaru.
             Shot with a bolt by a yaktaur (2 damage)
             ... in a volcano.
             The game lasted 00:29:31 (10406 turns).

MisterOstroum the Cleaver (Human Fighter)          Turns: 10406, Time: 00:29:32

Health: 0/87       AC: 21    Str: 21    XL:     11   Next: 44%
Magic:  14/14      EV:  8    Int:  8    God:    Okawaru [****..]
Gold:   476        SH: 12    Dex: 12    Spells: 10/10 levels left

rFire    . . .     SeeInvis .   a - +0 war axe
rCold    . . .     Gourm    .   E - +0 medium shield
rNeg     . . .     Faith    .   F - +0 plate armour
rPois    .         Spirit   .   o - +0 helmet
rElec    .         Reflect  .   m - +0 cloak
rCorr    .         Harm     .   l - +0 pair of gloves
MR       ++...                  M - +0 pair of boots
Stlth    ..........             (no amulet)
HPRegen  0.24/turn              z - ring of protection from magic
MPRegen  0.14/turn              y - ring of protection from magic

@: heroism, very slightly contaminated
A: no striking features
a: Heroism, Renounce Religion


You were in a volcano.
You worshipped Okawaru.
Okawaru was greatly pleased with you.
You were not hungry.

You visited 3 branches of the dungeon, and saw 12 of its levels.
You also visited: Sewer and Volcano.

You collected 476 gold pieces.

Inventory:

Hand Weapons
 a - a +0 war axe (weapon)
 b - a +0 hunting sling
 c - a +0 blowgun
Missiles
 g - 369 sling bullets
 h - 1582 stones (quivered)
 i - 296 poisoned tomahawks
 k - 476 bolts
 s - 77 poisoned needles
 L - 43 curare-tipped needles
Armour
 l - a +0 pair of gloves (worn)
 m - a +0 cloak (worn)
 n - the +1 robe of Immorality {rElec rN+ Str+2 Dex-5}
   (You took it off a crimson imp on level 9 of the Dungeon)

   It affects your strength (+2).
   It affects your dexterity (-5).
   It insulates you from electricity.
   It protects you from negative energy.
 o - a +0 helmet (worn)
 C - the -1 pair of boots "Voqosk" {+Inv Str-3 Int+8 Dex-4}
   (You found it on level 4 of the Dungeon)

   It affects your strength (-3).
   It affects your intelligence (+8).
   It affects your dexterity (-4).
   It lets you turn invisible.
 E - a +0 medium shield (worn)
 F - a +0 plate armour (worn)
 M - a +0 pair of boots (worn)
Jewellery
 y - a ring of protection from magic (right hand)
 z - a ring of protection from magic (left hand)
 B - an uncursed ring of ice
 K - the amulet of Verchokomn {Inacc rF+}
   (You found it on level 9 of the Dungeon)

   [amulet of inaccuracy]

   It reduces the accuracy of all your attacks.
   It protects you from fire.
Wands
 f - a wand of digging (6)
 w - a wand of scattershot (3)
 P - a wand of enslavement (10)
Scrolls
 u - a scroll of blinking {@r4}
 A - a scroll of fear {!r}
 G - 2 scrolls of remove curse {@r2}
 O - a scroll of identify {@r1}
Potions
 d - 4 potions of might {@q3 !q}
 j - 5 potions of curing {@q1 !q}
 p - 2 potions of heal wounds {@q2 !q}
 q - a potion of haste {@q4 !q}
 r - 4 potions of degeneration {unknown}
 t - a potion of mutation
 v - a potion of resistance {unknown}
 x - a potion of lignification {@q6}
 D - a potion of invisibility
 H - 2 potions of magic
 I - 2 potions of flight
Comestibles
 e - 9 rations {!d}


   Skills:
 + Level 8.8(13.8) Fighting
 * Level 12.2(17.2) Axes
 + Level 2.0(7.0) Throwing
 + Level 6.1(11.1) Armour
 - Level 3.8(8.8) Dodging
 + Level 6.7(11.7) Shields
 - Level 3.0 Invocations
 - Level 5.0 Evocations


You had 10 spell levels left.
You didn't know any spells.
Your spell library contained the following spells:

 Spells                   Type           Power        Failure   Level  Hunger
 Beastly Appendage        Tmut           #.....       100%        1    None
 Magic Dart               Conj           #...         100%        1    None
 Blink                    Tloc           N/A          100%        2    ####...
 Call Imp                 Summ           #.....       100%        2    ####...
 Passwall                 Tmut/Erth      #.......     100%        2    ####...
 Sticks to Snakes         Tmut           #.......     100%        2    ####...
 Conjure Flame            Conj/Fire      #.......     100%        3    #####..
 Mephitic Cloud           Conj/Pois/Air  #.......     100%        3    #####..
 Spider Form              Tmut/Pois      #..          100%        3    #####..
 Ice Form                 Ice/Tmut       #.......     100%        4    ######.
 Blade Hands              Tmut           #.........   100%        5    #######
 Metabolic Englaciation   Hex/Ice        #.........   100%        5    #######
 Bolt of Cold             Conj/Ice       #.........   100%        6    #######
 Freezing Cloud           Ice/Air        #.........   100%        6    #######
 Ozocubu's Refrigeration  Ice            #.........   100%        6    #######
 Simulacrum               Ice/Necr       #.........   100%        6    #######


Dungeon Overview and Level Annotations

Branches:
Dungeon (10/12)            Temple (1/1) D:5            Lair (1/6) D:9
    Orc (0/1) D:9

Altars:
Dithmenos
Elyvilon
Hepliaklqana
Kikubaaqudgha
Lugonu
Makhleb
Okawaru
Qazlal
Wu Jian
Xom
The Shining One

Shops:
D:9 *[([!


Message History

The yaktaur hits you but does no damage.
Put on which piece of jewellery? (? for menu, Esc to quit)
You remove the amulet of Verchokomn {Inacc rF+}.
The centaur warrior hits you but does no damage.
The centaur barely misses you.
You gain the combat prowess of a mighty hero.
You block the centaur warrior's attack. The centaur hits you.
The yaktaur hits you. You block the centaur warrior's attack.
The yaktaur shoots a bolt.
The bolt completely misses you.
The bolt hits the centaur warrior!!
The bolt burns the centaur warrior!
You barely miss the centaur warrior.
The centaur warrior is almost dead.
You hit the yaktaur but do no damage. You hit the centaur.
The centaur hits you but does no damage.
The yaktaur hits you. The centaur warrior hits you.
The centaur barely misses you.
You slash the yaktaur!
The yaktaur is moderately wounded.
You hit the centaur. You slash the centaur warrior!
The centaur warrior hits you.
* * * LOW HITPOINT WARNING * * *
The yaktaur hits you.
* * * LOW HITPOINT WARNING * * *
You block the centaur's attack.
You slice the yaktaur!!
The yaktaur is severely wounded.
You hit the centaur warrior but do no damage.
Your shield and plate armour prevent you from hitting the centaur.
The centaur warrior hits you.
* * * LOW HITPOINT WARNING * * *
The centaur hits you but does no damage.
The yaktaur shoots a bolt.
You block the bolt.
You hit the centaur warrior.
You kill the centaur warrior!
Okawaru accepts your kill.
Your base Armour skill increases to level 6!
You slash the yaktaur! You hit the centaur.
You kill the centaur!
Okawaru accepts your kill.
The yaktaur hits you but does no damage.
You hit the yaktaur.
The yaktaur is almost dead.
The yaktaur hits you.
* * * LOW HITPOINT WARNING * * *
The yaktaur shoots a bolt.
You block the bolt.
Unknown command.
You slash the yaktaur!
You kill the yaktaur!
Okawaru accepts your kill.
Your base Throwing skill increases to level 2!
The air gets thick with the scent of sulphur.
The yaktaur shoots a bolt.
The bolt barely misses you.
Found a radiant altar of Vehumet.
There is a large open door here.
In the distance, the volcano erupts with a roar.
The centaur shoots an arrow.
You block the arrow.
The centaur shoots an arrow.
You block the arrow.
The yaktaur unwields a +2 arbalest of flaming.
It stops flaming.
The yaktaur hits you!
* * * LOW HITPOINT WARNING * * *
Really quaff
p - 3 potions of heal wounds {@q2 !q}?
You feel much better.
The yaktaur hits you but does no damage.
The centaur unwields a +1 shortbow of flaming.
It stops flaming.
You block the centaur's attack.
The hell knight gestures wildly while chanting.
The hell knight goes berserk!
The centaur closely misses you.
The yaktaur hits you but does no damage.
You slash the yaktaur!
The yaktaur is moderately wounded.
You hit the centaur. You block the centaur's attack.
Unknown command.
Really read
J - a scroll of teleportation {@r3 !r}?
Okay, then.
Unknown command.
Blink to where?
Press: ? - help, Dir - move target cursor You are very lightly contaminated with residual magic.
As you read the scroll of blinking {@r4}, it crumbles to dust.
The yaktaur shoots a bolt.
You block the bolt.
You see here a leather armour of fire resistance.
You completely miss the yaktaur.
Really read
J - a scroll of teleportation {@r3 !r}?
As you read the scroll of teleportation {@r3 !r}, it crumbles to dust.
You feel strangely unstable.
The yaktaur unwields a +2 arbalest of flaming.
It stops flaming.
The yaktaur hits you but does no damage.
The hell knight closely misses you.
The yaktaur wields a +2 arbalest of flaming.
It bursts into flame!
The yaktaur shoots a bolt.
You block the bolt. You block the hell knight's attack.
Your surroundings suddenly seem different.
The yaktaur wields a +2 arbalest of flaming.
It bursts into flame!
The yaktaur shoots a bolt.
The bolt hits you!!
* * * LOW HITPOINT WARNING * * *
The bolt burns you!
* * * LOW HITPOINT WARNING * * *
The yaktaur shoots a bolt.
The bolt hits you.
You die...

§§§≈≈§≈ ≈ ≈≈§#######
≈≈###[!)[)# #§
≈##.#cp.!.#
##≈§≈≈#..'c.c[.'..#§≈
#§≈≈≈##..'.._..'..##≈
≈≈≈≈≈#...#.....#...#§
≈§≈≈≈#...#######...#≈
≈≈§§#.@.'$!.[$'...#≈
#≈§≈≈#...#..≈..#...#≈
##§§§#...#8≈≈≈8#...#≈
≈≈≈ ##..'..≈°.'..# °§
#≈§ #..'.○.))'..#°§≈
# ≈##.#8)○°8#.##≈≈≈
≈§###...°.###≈≈≈≈
≈≈§≈≈.....≈≈≈≈§≈#
#§§≈≈8°°.8§≈≈§§§#


You could see a hell knight (berserk) and 2 yaktaurs.

Vanquished Creatures
  A centaur warrior (Volcano)
  An elephant (D:9)
  A yaktaur (Volcano)
  A dryad (D:9)
  A slime creature (D:7)
  A hippogriff (D:9)
  A spriggan (D:9)
  A wyvern (D:9)
  7 yaks
  A steam dragon (D:8)
  Grum (D:9)
  Purgy (Sewer)
  5 orc warriors
  2 sky beasts
  4 wolves (D:9)
  An ogre (D:5)
  4 centaurs
  A big kobold (D:6)
  6 bullfrogs
  3 scorpions
  12 killer bees
  A statue (D:9)
  7 wights
  An electric eel (D:9)
  3 howler monkeys (D:7)
  4 crimson imps
  A centaur zombie (D:6)
  2 quasits
  4 bullfrog skeletons
  3 jellies
  A centaur skeleton (D:5)
  7 hounds
  7 orc priests
  8 orc wizards
  Jessica (D:3)
  An iguana (D:9)
  4 worker ants
  A hound zombie (D:6)
  A mummy (D:8)
  3 worker ant zombies
  9 adders
  2 shadow imps (D:7)
  3 oozes
  2 adder skeletons (D:6)
  5 worms
  3 dart slugs
  3 leopard geckos (D:6)
  37 orcs
  A ball python (Sewer)
  7 bats
  3 giant cockroaches
  7 goblins
  8 hobgoblins
  6 jackals (D:4)
  4 quokkas
  9 frilled lizards
  2 hobgoblin zombies (D:8)
  11 kobolds
  A kobold zombie (D:8)
  An orc zombie (D:8)
  A quokka zombie (D:6)
  4 rats
245 creatures vanquished.

Vanquished Creatures (others)
  A plant (D:9)
1 creature vanquished.

Grand Total: 246 creatures vanquished

Notes
Turn   | Place    | Note
-------+----------+-------------------------------------------
     0 | D:1      | MisterOstroum the Human Fighter began the quest for the
                  | Orb.
     0 | D:1      | Reached XP level 1. HP: 18/18 MP: 1/1
    89 | D:1      | Reached XP level 2. HP: 24/24 MP: 2/2
   768 | D:2      | Reached XP level 3. HP: 29/29 MP: 3/3
   851 | D:2      | Reached skill level 3 in Axes
  1267 | D:2      | Reached XP level 4. HP: 35/37 MP: 4/4
  1802 | D:3      | Noticed Jessica
  1804 | D:3      | Killed Jessica
  1828 | D:3      | Found a stormy altar of Qazlal.
  1851 | D:3      | Reached skill level 4 in Axes
  1851 | D:3      | Reached skill level 1 in Evocations
  1851 | D:3      | Reached XP level 5. HP: 30/42 MP: 5/5
  2338 | D:3      | Reached XP level 6. HP: 24/48 MP: 7/7
  2740 | D:4      | Reached skill level 5 in Axes
  2766 | D:4      | Got a pair of encrusted boots
  2775 | D:4      | Noticed a sky beast
  2797 | D:4      | Killed a sky beast
  2797 | D:4      | Reached XP level 7. HP: 55/55 MP: 7/9
  3294 | D:4      | Reached skill level 6 in Axes
  3524 | D:4      | Found an ornate altar of the Wu Jian Council.
  3569 | D:5      | Entered Level 5 of the Dungeon
  3621 | D:5      | Reached skill level 5 in Fighting
  3636 | D:5      | Reached XP level 8. HP: 33/62 MP: 10/10
  3658 | D:5      | Identified the cursed -1 pair of boots "Voqosk" {+Inv Str-3
                  | Int+8 Dex-4} (You found it on level 4 of the Dungeon)
  3943 | D:5      | Found a glowing golden altar of the Shining One.
  4191 | D:5      | Found a staircase to the Ecumenical Temple.
  4200 | Temple   | Entered the Ecumenical Temple
  4230 | Temple   | Became a worshipper of Warmaster Okawaru
  4681 | D:6      | Reached skill level 7 in Axes
  4690 | D:6      | Found a glowing drain.
  4714 | Sewer    | Entered a sewer
  4819 | Sewer    | Noticed Purgy
  4820 | Sewer    | Killed Purgy
  4820 | Sewer    | Reached skill level 1 in Invocations
  5529 | D:6      | Reached * piety under Okawaru
  5529 | D:6      | Reached skill level 5 in Shields
  5720 | D:6      | Reached XP level 9. HP: 55/69 MP: 12/12
  5834 | D:6      | Reached skill level 8 in Axes
  6622 | D:7      | Noticed a slime creature
  6636 | D:7      | Killed a slime creature
  6636 | D:7      | Reached skill level 9 in Axes
  7187 | D:7      | Reached ** piety under Okawaru
  7187 | D:7      | Reached skill level 10 in Axes
  7187 | D:7      | Reached XP level 10. HP: 30/79 MP: 13/13
  7708 | D:8      | Found a shadowy altar of Dithmenos.
  7741 | D:8      | Reached skill level 1 in Dodging
  8100 | D:9      | Reached skill level 5 in Evocations
  8104 | D:9      | Reached *** piety under Okawaru
  8126 | D:9      | Got a heavily runed golden amulet
  8127 | D:9      | Found a staircase to the Orcish Mines.
  8134 | D:9      | Identified the amulet of Verchokomn {Inacc rF+} (You found
                  | it on level 9 of the Dungeon)
  8192 | D:9      | Noticed an elephant
  8219 | D:8      | Reached skill level 11 in Axes
  8346 | D:9      | Found Izuinut's Antique Armour Shop.
  8377 | D:9      | Found Daole's General Store.
  8503 | D:9      | Killed an elephant
  8793 | D:9      | Noticed Grum
  8804 | D:9      | Reached skill level 5 in Armour
  8817 | D:9      | Killed Grum
  8849 | D:9      | Reached **** piety under Okawaru
  8849 | D:9      | Reached XP level 11. HP: 79/87 MP: 14/14
  8889 | D:9      | Found a staircase to the Lair.
  9106 | D:9      | Found Ciatzeih's Distillery.
  9132 | D:9      | Identified the +1 robe of Immorality {rElec rN+ Str+2
                  | Dex-5}
  9416 | D:9      | Found Uckeogagg's Antique Armour Shop.
  9525 | D:9      | Found Hucy's Antique Weapon Shoppe.
  9680 | D:9      | Reached skill level 1 in Throwing
  9693 | D:9      | Reached skill level 12 in Axes
  9964 | D:10     | Entered Level 10 of the Dungeon
  9965 | D:10     | Noticed a seven-headed hydra
 10047 | Lair:1   | Entered Level 1 of the Lair of Beasts
 10082 | Lair:1   | Found a dark tunnel.
 10091 | Volcano  | Entered a volcano
 10199 | Volcano  | Noticed a centaur warrior
 10375 | Volcano  | Noticed a hell knight
 10390 | Volcano  | Killed a centaur warrior
 10393 | Volcano  | Found a radiant altar of Vehumet.
 10406 | Volcano  | HP: 2/87 [yaktaur/bolt (8)]
 10406 | Volcano  | Shot with a bolt by a yaktaur

Skill      XL: |  1  2  3  4  5  6  7  8  9 10 11 |
---------------+----------------------------------+-----
Axes           | 3 4 5 6 7 10 11 12 | 12.2
Fighting       | 4 5 6 7 8 |  8.8
Evocations     | 1 2 3 4 5 |  5.0
Shields        | 5 6 |  6.7
Invocations    | 2 3 |  3.0
Armour         | 5 6 |  6.1
Dodging        | 3 |  3.8
Throwing       | 2 |  2.0

Action                   |  1- 3 |  4- 6 |  7- 9 | 10-12 || total
-------------------------+-------+-------+-------+-------++-------
Melee: War axe           |    95 |   109 |   357 |   369 ||   930
       Punch             |       |       |     1 |       ||     1
 Fire: Blowgun           |       |     7 |    10 |    20 ||    37
       Hunting sling     |       |       |    49 |    72 ||   121
Throw: Stone             |    38 |    18 |    39 |    12 ||   107
       Tomahawk          |       |       |       |    37 ||    37
Invok: Heroism           |       |       |     3 |     9 ||    12
Evoke: Wand              |       |     1 |     3 |     6 ||    10
  Use: Scroll            |       |     2 |     9 |     5 ||    16
       Potion            |       |       |       |     1 ||     1
  Eat: Chunk             |     6 |    10 |    16 |    19 ||    51
       Ration            |       |       |     3 |     2 ||     5
Armor: Scale mail        |    53 |    69 |   211 |       ||   333
       Plate armour      |       |       |     8 |   375 ||   383
       Robe              |       |       |       |     1 ||     1
Dodge: Dodged            |    20 |    27 |   121 |   142 ||   310
Block: Medium shield     |    64 |    55 |   109 |   349 ||   577
